 Dungeon Crawl Stone Soup version 0.17-a0-764-gd40c196 (console) character file.

557 sose the Gusty (level 7, 0/32 HPs)
             Began as a Vine Stalker Air Elementalist on Apr 23, 2015.
             Slain by a scorpion (6 damage)
             ... on level 4 of the Dungeon.
             The game lasted 00:12:15 (3307 turns).

sose the Gusty (Vine Stalker Air Elementalist)      Turns: 3307, Time: 00:12:15

Health: 0/32       AC:  4    Str: 10    XL:     7   Next: 30%
Magic:  0/12       EV: 12    Int: 20    God:
Gold:   152        SH:  0    Dex: 15    Spells: 4 memorised, 4 levels left

rFire  . . .     SeeInvis .     m - +4 dagger
rCold  . . .     Clarity  .     a - +0 robe
rNeg   . . .     SustAb   .     (no shield)
rPois  .         Gourm    .     (no helmet)
rElec  .         Spirit   +     d - +0 cloak
rCorr  .         Warding  .     (no gloves)
rMut   .         Stasis   .     (no boots)
MR     .....                    (no amulet)
Stlth  ++........               t - +3 ring of intelligence
                                h - ring of wizardry

@: lethally poisoned (0 -> -1), not resistant to hostile enchantments,
unstealthy
A: fangs 2, regeneration 2, shaggy fur 1, magic shield, antimagic bite, no
device heal 3, rot immunity
a: no special abilities


You were on level 4 of the Dungeon.
You were hungry.

You visited 1 branch of the dungeon, and saw 5 of its levels.

You collected 152 gold pieces.

Inventory:

Hand weapons
 m - a +4 dagger (weapon)
Armour
 a - a +0 robe (worn)
 d - a +0 cloak (worn)
Jewellery
 h - a ring of wizardry (left hand)
 r - an uncursed ring of stealth
 t - a +3 ring of intelligence (right hand)
Scrolls
 f - a scroll of random uselessness {unknown}
 g - 3 scrolls of teleportation {unknown}
 j - 2 scrolls of recharging {unknown}
 p - a scroll of noise {unknown}
 q - a scroll of identify {unknown}
 u - a scroll of enchant armour {unknown}
Potions
 e - 3 potions of agility {unknown}
 i - a potion of cancellation {unknown}
 k - a potion of magic {unknown}
 n - a potion of might {unknown}
 o - a potion of haste {unknown}
 s - 4 potions of curing {unknown}
 v - a potion of beneficial mutation {unknown}
Books
 b - a book of Air

   Spells                             Type                      Level
   a - Shock                          Conjuration/Air              1
   b - Swiftness                      Charms/Air                   2
   c - Repel Missiles                 Charms/Air                   2
   d - Flight                         Charms/Air                   3
   e - Static Discharge               Conjuration/Air              3
   f - Lightning Bolt                 Conjuration/Air              5
 l - a Grand Grimoire {highlevel, unknown}

   This book is beyond your current level of understanding.

   Spells                             Type                      Level
   a - Aura of Abjuration             Summoning                    6
   b - Summon Greater Demon           Summoning                    7
   c - Malign Gateway                 Summoning/Translocation      7
   d - Summon Horrible Things         Summoning                    8
Comestibles
 c - 3 bread rations


   Skills:
 + Level 1.9 Short Blades
 - Level 1.5 Dodging
 - Level 2.4 Stealth
 - Level 3.0 Spellcasting
 + Level 4.3 Conjurations
 + Level 1.9 Charms
 + Level 5.5 Air Magic


You had 4 spell levels left.
You knew the following spells:

 Your Spells              Type           Power        Failure   Level  Hunger
a - Shock                 Conj/Air       ###.         1%          1    None
b - Static Discharge      Conj/Air       ###.....     3%          3    ###....
x - Swiftness             Chrm/Air       ###.....     1%          2    ##.....
z - Repel Missiles        Chrm/Air       ###...       1%          2    ##.....


Dungeon Overview and Level Annotations

Branches:
Dungeon (5/15)
 Temple: D:4-7

Altars:
Cheibriados
Fedhas
Kikubaaqudgha


Innate Abilities, Weirdness & Mutations

You have extremely sharp teeth.
You heal very quickly.
You are covered in fur (AC +1).
When hurt, damage is shared between your health and your magic reserves.
Your bite disrupts and absorbs the magic of your enemies.
Potions and wands cannot restore your health.
You are immune to rotting.


Message History

Press: ? - help, Shift-Dir - straight line, f - scorpion
Aim: a scorpion (severely wounded)
The zap hits the scorpion.
The scorpion appears unharmed.
The scorpion is severely wounded.
You feel sick. The scorpion stings you.
Casting: Shock
Confirm with . or Enter, or press ? or * to list all spells.
Aiming: Shock
Press: ? - help, Shift-Dir - straight line, f/p - scorpion
Aim: a scorpion (severely wounded)
The zap hits the scorpion.
The scorpion is almost dead.
The scorpion stings you!
* * * LOW HITPOINT WARNING * * *
You are more poisoned.
The scorpion poisons you!
You hit the scorpion. Your bite misses the scorpion.
The scorpion is almost dead.
You feel sick. The scorpion stings you.
You die...

# ##..#.####..##.#####.#
#........#..##.#####.#
#.#...##.#..##.......#
####.##).##.#............
..........[..)...#####..#
####.##..##.#....####...#
#. ##>##.............. #.
#s#............... ..
#@##.#...........# #
#.##.#............
#.##.#...........#
#.................
####.##..........#
#........(##..#
#.##)..........
.##.##...#..##.##
..................


You could see a scorpion.

Vanquished Creatures
  The ghost of ZiggyStardust the Skirmisher, an average DsCK of Xom (D:4)
  A scorpion (D:4)
  3 orc wizards
  2 worker ants (D:4)
  2 orc priests (D:4)
  3 gnolls (D:3)
  4 adders
  An ooze (D:1)
  A worm (D:3)
  2 giant geckos
  4 orcs
  2 giant cockroaches
  6 goblins
  5 hobgoblins
  9 jackals
  3 ball pythons
  7 bats
  2 giant newts (D:1)
  5 kobolds
  4 quokkas
  10 rats
77 creatures vanquished.

Notes
Turn   | Place    | Note
--------------------------------------------------------------
     0 | D:1      | sose, the Vine Stalker Air Elementalist, began the quest for the Orb.
     0 | D:1      | Reached XP level 1. HP: 9/9 MP: 4/4
   313 | D:1      | Reached XP level 2. HP: 10/13 MP: 1/6
   359 | D:1      | Learned a level 2 spell: Repel Missiles
   362 | D:1      | Learned a level 2 spell: Swiftness
   491 | D:1      | Found a snail-covered altar of Cheibriados.
   823 | D:1      | Reached XP level 3. HP: 16/16 MP: 5/7
   936 | D:2      | Reached skill level 4 in Air Magic
  1062 | D:2      | Reached XP level 4. HP: 17/21 MP: 1/8
  1739 | D:3      | Reached XP level 5. HP: 16/24 MP: 0/9
  1937 | D:3      | Found an ancient bone altar of Kikubaaqudgha.
  1937 | D:3      | Found a blossoming altar of Fedhas.
  2001 | D:3      | Learned a level 3 spell: Static Discharge
  2591 | D:4      | Reached skill level 5 in Air Magic
  2591 | D:4      | Gained mutation: You heal very quickly. [Vine Stalker growth]
  2591 | D:4      | Reached XP level 6. HP: 16/28 MP: 0/11
  2917 | D:4      | Noticed ZiggyStardust's ghost (average DsCK)
  3019 | D:4      | Killed ZiggyStardust's ghost
  3019 | D:4      | Reached skill level 1 in Short Blades
  3019 | D:4      | Reached skill level 1 in Charms
  3019 | D:4      | Reached XP level 7. HP: 19/32 MP: 0/12
  3218 | D:5      | Entered Level 5 of the Dungeon
  3307 | D:4      | Slain by a scorpion

Action                   |  1- 3 |  4- 6 |  7- 9 || total
-------------------------+-------+-------+-------++-------
Melee: Unarmed           |    20 |       |       ||    20
       Dagger            |    32 |    59 |    11 ||   102
 Cast: Shock             |    34 |    59 |     6 ||    99
       Static Discharge  |       |     6 |     5 ||    11
       Swiftness         |       |     2 |       ||     2
 Stab: Sleeping          |       |     4 |       ||     4
       Distracted        |       |     1 |       ||     1
  Eat: Chunk             |     1 |     3 |       ||     4
       Meat ration       |       |     1 |       ||     1
